 Dungeon Crawl Stone Soup version 0.29.1-2-gbd0b4ee654 (webtiles) character file.

Game seed: 5316736119395539314

21 styxcanada the Sneak (level 2, -4/15 HPs)
             Began as a Spriggan Brigand on Nov 14, 2022.
             Slain by a goblin
             ... wielding a +4 dagger
              (5 damage)
             ... on level 2 of the Dungeon.
             The game lasted 00:02:29 (795 turns).

styxcanada the Sneak (Spriggan Brigand)              Turns: 795, Time: 00:02:30

Health: -4/15      AC:  3    Str:  7    XL:     2   Next: 62%
Magic:  3/3        EV: 16    Int: 12    God:
Gold:   79         SH:  0    Dex: 16    Spells: 1/1 levels left

rFire   . . .      SeeInvis +   a - +2 dagger
rCold   . . .      Faith    .   (no shield)
rNeg    . . .      Spirit   .   b - +0 robe
rPois   .          Reflect  .   (helmet restricted)
rElec   .          Harm     .   c - +0 cloak
rCorr   .          Rampage  .   (gloves unavailable)
Will    .....                   (boots unavailable)
Stlth   +++.......              (no amulet)
HPRegen 0.05/turn               (no ring)
MPRegen 0.08/turn               (no ring)

@: very quick
A: very small, no large weapons, unfitting armour, see invisible, speed 3
a: no special abilities


You were on level 2 of the Dungeon.
You visited 1 branch of the dungeon, and saw 2 of its levels.

You collected 79 gold pieces.

Inventory:

Hand Weapons
 a - a +2 dagger (weapon)
Missiles
 d - 14 poisoned darts (quivered)
 e - 3 curare-tipped darts
 g - 6 stones
Armour
 b - a +0 robe (worn)
 c - a +0 cloak (worn)
Scrolls
 f - a scroll of teleportation {unknown}
 i - a scroll of blinking {unknown}
Potions
 h - a potion of curing {unknown}
 j - a potion of flight {unknown}


   Skills:
 * Level 1.7 Fighting
 + Level 2.3 Short Blades
 + Level 2.0 Throwing
 * Level 1.7 Dodging
 * Level 6.7 Stealth


You had one spell level left.
You didn't know any spells.
Your spell library was empty.

Dungeon Overview and Level Annotations

Branches:
Dungeon (2/15)

Altars:

Shops:
D:1 (=


Innate Abilities, Weirdness & Mutations

You are very small and have problems with some larger weapons.
You are too small for most types of armour.
You have supernaturally acute eyesight. (SInv)
You cover ground extremely quickly. (Speed+++)


Message History

There is a stone staircase leading down here.
You climb downwards.
Found a lumpy green potion.
There is a stone staircase leading up here.
j - a lumpy green potion You open the door.
There is an open door here.
You open the door.
There is an open door here.
A kobold comes into view. It is wielding a +0 club.
Found a faded altar of an unknown god.
The kobold shouts!
You hear a shout! x2
A goblin comes into view. It is wielding a +4 dagger.
The kobold hits you but does no damage.
You hit the kobold.
The kobold is moderately wounded.
The kobold closely misses you.
You barely miss the kobold.
The kobold is moderately wounded.
The kobold hits you with a +0 club.
You hit the kobold but do no damage.
The kobold is moderately wounded.
You closely miss the kobold.
The kobold is moderately wounded.
The kobold barely misses you.
You hit the kobold.
You kill the kobold!
The goblin unwields a +4 dagger.
The goblin wields a +0 sling.
The goblin shoots a sling bullet.
The sling bullet hits you.
The goblin shoots a sling bullet.
The sling bullet hits you.
Things that are here:
a +0 club; a kobold corpse The goblin unwields a +0 sling.
The goblin wields a +4 dagger.
The goblin hits you with a +4 dagger.
* * * LOW HITPOINT WARNING * * *
You completely miss the goblin. You barely miss the goblin.
The goblin hits you with a +4 dagger.
* * * LOW HITPOINT WARNING * * *
You closely miss the goblin. The goblin hits you with a +4 dagger.
You die...

.. #...# ..### ### #...#
# #... ## #.#####.#.#
#.##...##.##..........
#PP....P#....####..####
#..PP.P.#....'.........
.#P..PPP.#....####..##..
#PPP..P.P)#......#<.....
#..P...@..#....#.#......
#P..P.g.PP##+#.#.#.#....
#.P.P.P.P.# #.#........
#####_######.#.#...###..
P.. #.........'..


PP.. ###.#.#..##.. .... #.#.#...+.. ..P. # #....##.. #######.. You could see a
goblin.

Vanquished Creatures
  2 dart slugs (D:1)
  An endoplasm (D:1)
  A goblin (D:1)
  4 hobgoblins (D:1)
  A quokka (D:1)
  3 ball pythons (D:1)
  A bat (D:1)
  A frilled lizard (D:1)
  2 kobolds
16 creatures vanquished.

Vanquished Creatures (others)
  A demonic plant (D:2)
1 creature vanquished.

Grand Total: 17 creatures vanquished

Notes
Turn   | Place    | Note
-------+----------+-------------------------------------------
     0 | D:1      | styxcanada the Spriggan Brigand began the quest for the
                  | Orb.
     0 | D:1      | Reached XP level 1. HP: 10/10 MP: 2/2
    20 | D:1      | Reached skill level 6 in Stealth
   222 | D:1      | Reached XP level 2. HP: 15/15 MP: 3/3
   231 | D:1      | Found Lyuph's Weapon Shoppe.
   274 | D:1      | Found Ytiriss's One-of-a-Kind Rings.
   782 | D:2      | Found a faded altar of an unknown god.
   795 | D:2      | Slain by a goblin

Illustrated notes

Levels and vault maps discovered:
D:1:      minmay_arrival_open_corners, layout_rooms, serial_shops, shop,
          nicolae_shop_unique_rings, glass_columns_c
D:2:      layout_basic, shapermc_ecumenical_altar_gd, minmay_cut_off

Skill      XL: |  1 |
---------------+----+-----
Stealth        | 6 |  6.7
Fighting       | |  1.7
Short Blades   | |  2.3
Throwing       | |  2.0
Dodging        | |  1.7

Action                   || total
-------------------------++-------
Melee: Dagger            ||    54
Throw: Dart              ||     4
 Stab: Sleeping          ||     1
Armor: Robe              ||     3
Dodge: Dodged            ||    38
